 Dungeon Crawl Stone Soup version 0.23-a0-677-g07611c5723 (webtiles) character file.

651 Chiseanne the Magician (level 7, -1/46 HPs)
             Began as a Demonspawn Wizard on Jan 10, 2019.
             Slain by an orc
             ... wielding a +0 flail of crushing
              (2 damage)
             ... on level 4 of the Dungeon.
             The game lasted 00:11:32 (5497 turns).

Chiseanne the Magician (Demonspawn Wizard)          Turns: 5497, Time: 00:11:33

Health: -1/46      AC:  6    Str:  7    XL:     7   Next: 28%
Magic:  15/15      EV: 19    Int: 21    God:
Gold:   227        SH:  0    Dex: 17    Spells: 15/16 levels left

rFire    . . .     SeeInvis .   h - +0 dagger (venom)
rCold    . . .     Gourm    .   (no shield)
rNeg     . . .     Faith    .   f - +0 robe
rPois    .         Spirit   .   p - +0 helmet
rElec    .         Reflect  .   q - +0 cloak
rCorr    +         Harm     .   (no gloves)
MR       .....                  (no boots)
Stlth    +++.......             (no amulet)
HPRegen  0.15/turn              o - ring of resist corrosion
MPRegen  0.14/turn              (no ring)

@: agile, very slightly contaminated, invisible
A: hooves 2, icy blue scales 1, foul stench 1, rot immunity
a: no special abilities


You were on level 4 of the Dungeon.
You were not hungry.

You visited 2 branches of the dungeon, and saw 5 of its levels.

You collected 227 gold pieces.

Inventory:

Hand Weapons
 a - a +0 rapier
 c - a +3 dagger
 h - a +0 dagger of venom (weapon)
Missiles
 b - 13 bolts
 s - 14 sling bullets
 u - 16 arrows
Armour
 f - a +0 robe (worn)
 m - a +0 shield
 p - a +0 helmet (worn)
 q - a +0 cloak (worn)
Jewellery
 o - a ring of resist corrosion (left hand)
Wands
 r - a wand of random effects (29)
Scrolls
 e - a scroll of immolation
 i - 4 scrolls of identify
 j - 2 scrolls of fog
 v - a scroll of remove curse {unknown}
Potions
 k - a potion of lignification
 n - 2 potions of flight
Comestibles
 d - 6 rations


   Skills:
 + Level 3.6 Dodging
 - Level 1.7 Stealth
 * Level 5.4 Spellcasting
 * Level 5.0 Conjurations
   Level 1.0 Summonings
   Level 0.8 Translocations


You had 15 spell levels left.
You knew the following spells:

 Your Spells              Type           Power        Failure   Level  Hunger
a - Magic Dart            Conj           ####         1%          1    None

Your spell library contained the following spells:

 Spells                   Type           Power        Failure   Level  Hunger
 Blink                    Tloc           N/A          11%         2    None
 Call Imp                 Summ           #.......     11%         2    None
 Conjure Flame            Conj/Fire      ###.....     11%         3    ##.....
 Slow                     Hex            #.......     16%         2    None
 Mephitic Cloud           Conj/Pois/Air  ##......     16%         3    ##.....


Dungeon Overview and Level Annotations

Branches:
Dungeon (4/15)             Temple (1/1) D:4

Altars:
Cheibriados
Elyvilon
Fedhas
Gozag
Makhleb
Nemelex Xobeh
Okawaru
Ru
Sif Muna
Uskayaw
Wu Jian
Yredelemnul


Innate Abilities, Weirdness & Mutations

You have hoof-like feet.
You are partially covered in icy blue scales. (AC +2)
You may emit foul miasma when damaged in melee.
You are immune to rotting.


Message History

Your Conjurations skill increases to level 5!
The orc wizard points at you and mumbles some strange words.
The magic dart hits you!
* * * LOW HITPOINT WARNING * * *
The orc hits you with a +0 mace.
* * * LOW HITPOINT WARNING * * *
The orc wizard casts a spell.
The orc wizard seems to speed up.
You feel agile all of a sudden.
You fade into invisibility!
You are very lightly contaminated with residual magic.
You barely miss the orc. You kick the orc.
The orc is heavily wounded.
The orc misses you.
You barely miss the orc. You kick the orc, but do no damage.
The orc is heavily wounded.
The orc wizard looks more healthy.
The orc hits you with a +0 flail of crushing.
* * * LOW HITPOINT WARNING * * *
You die...

##.#.... #.......## ##
...#.#### #######..# ...
..# .# #.>####..## .. ..
#.......# .. #.
####....#####
##.....รท.....##
##########.....).......#
.......oooo.............
.......@#o..o....>......
.......##...............
....... #............###
####### #.........)..# .
##.[........)#..
##.....#....'..
############.. .. #


You could see an orc wizard and 3 orcs.

Vanquished Creatures
  An orc warrior (D:4)
  A hound (D:4)
  2 orc wizards (D:4)
  A bullfrog skeleton (D:4)
  An orc priest (D:3)
  Natasha (thrice) (D:3)
  3 worker ants (D:4)
  15 adders
  2 oozes
  2 dart slugs
  2 worms
  5 leopard geckos
  7 orcs
  7 giant cockroaches
  6 goblins
  9 hobgoblins
  8 jackals
  12 kobolds
  A quokka (D:2)
  6 bats
  6 frilled lizards
  A giant cockroach zombie (D:3)
  9 rats
110 creatures vanquished.

Notes
Turn   | Place    | Note
-------+----------+-------------------------------------------
     0 | D:1      | Chiseanne the Demonspawn Wizard began the quest for the
                  | Orb.
     0 | D:1      | Reached XP level 1. HP: 13/13 MP: 4/4
   300 | D:1      | Gained mutation: You are immune to rotting. [demonic
                  | ancestry]
   300 | D:1      | Reached XP level 2. HP: 19/19 MP: 0/6
   846 | D:1      | Gained mutation: You are partially covered in icy blue
                  | scales. (AC +2) [demonic ancestry]
   846 | D:1      | Reached XP level 3. HP: 24/24 MP: 4/7
  1745 | D:2      | Reached XP level 4. HP: 11/30 MP: 0/9
  2829 | D:2      | Gained mutation: You may emit foul miasma when damaged in
                  | melee. [demonic ancestry]
  2829 | D:2      | Reached XP level 5. HP: 35/35 MP: 6/11
  2975 | D:2      | Found an opulent altar of Gozag.
  3696 | D:3      | Found a faded altar of an unknown god.
  3914 | D:3      | Noticed Natasha
  3936 | D:3      | Killed Natasha
  3936 | D:3      | Gained mutation: You have large cloven feet. [demonic
                  | ancestry]
  3936 | D:3      | Reached XP level 6. HP: 12/41 MP: 2/12
  4101 | D:3      | Noticed Natasha
  4106 | D:3      | Killed Natasha
  4156 | D:3      | Noticed Natasha
  4165 | D:3      | Killed Natasha
  4601 | D:4      | Found a staircase to the Ecumenical Temple.
  4689 | Temple   | Entered the Ecumenical Temple
  4774 | D:4      | Reached skill level 5 in Spellcasting
  5193 | D:4      | Noticed an orc warrior
  5225 | D:4      | Killed an orc warrior
  5225 | D:4      | Gained mutation: You have hoof-like feet. [demonic
                  | ancestry]
  5225 | D:4      | Reached XP level 7. HP: 15/46 MP: 5/15
  5464 | D:4      | Found a white marble altar of Elyvilon.
  5483 | D:4      | Reached skill level 5 in Conjurations
  5497 | D:4      | HP: 1/46 [orc/+0 flail of crushing (6)]
  5497 | D:4      | Slain by an orc

Vault maps used:
D:1:      lemuel_arrival_behind_the_door_large, serial_bayou_pond_c
D:2:      grunt_gozag_breadcrumbs, minmay_increasing_density
D:3:      chequers_ecumenical_altar_simple_redux, first_ration, uniq_natasha
D:4:      old_standard_altar, lightli_temple_of_fire, grunt_dithmenos_shadows,
          kennysheep_little_box, minmay_temple_entry_stoned_glass
Temple:   eino_wide_crystal_templ

Skill      XL: |  1  2  3  4  5  6  7 |
---------------+----------------------+-----
Dodging        | 2 3 |  3.6
Conjurations   | 2 3 4 5 |  5.0
Spellcasting   | 4 5 |  5.4
Stealth        | |  1.7
Summonings     | |  1.0
Translocations | |  0.8

Action                   |  1- 3 |  4- 6 |  7- 9 || total
-------------------------+-------+-------+-------++-------
Melee: Club              |    28 |    26 |       ||    54
       Rapier            |       |    12 |     1 ||    13
       Kick              |       |     1 |     7 ||     8
       Dagger            |       |       |    14 ||    14
 Cast: Magic Dart        |    93 |   225 |     1 ||   319
Evoke: Wand              |       |     2 |       ||     2
  Use: Potion            |       |     1 |     2 ||     3
       Scroll            |       |     8 |       ||     8
 Stab: Paralysed         |       |     4 |       ||     4
  Eat: Chunk             |     2 |    11 |     1 ||    14
Armor: Robe              |    13 |    32 |     6 ||    51
       Skin              |       |     3 |       ||     3
Dodge: Dodged            |    37 |    72 |     8 ||   117

Table legend:
 A = Non-vault XP
 B = Vault XP
 C = Vault XP percentage of total XP
 D = Non-vault monster count
 E = Vault monster count
 F = Vault count percentage of total count
                 A         B        C        D         E       F
            +---------+---------+-------+---------+---------+-------
      Total |     870 |      60 |   6.5 |     102 |       8 |   7.3
            +---------+---------+-------+---------+---------+-------
        D:1 |      71 |       0 |   0.0 |      30 |       0 |   0.0
        D:2 |     130 |      24 |  15.6 |      29 |       7 |  19.4
        D:3 |     233 |      36 |  13.4 |      28 |       1 |   3.4
        D:4 |     436 |       0 |   0.0 |      15 |       0 |   0.0
            +---------+---------+-------+---------+---------+-------
